cohdb
Replays
Latest Replays
All Replays
Popular Replays
Top Player Replays
Match Explorer
How It Works
Community
CoH3 Stats
Reddit
Sign in to upload your games and track your stats! →
Sign in with Steam
Match 41277260
Unlisted
Match 41277260
Overview
Messages
Build Orders
End
Construct Barracks
Riflemen Squad
Selects Special Operations Battlegroup
Riflemen Squad
Air Support Center
Selects M29 Weasel with M1 Pack Howitzer
Riflemen Squad
M29 Weasel with M1 Pack Howitzer
Construct Weapon Support Center
M3 Armored Personnel Carrier
M1918 Browning Automatic Rifles
Selects Mark Vehicle
Construct Motor Pool
M1 Anti-tank Gun Team
M1 Anti-tank Gun Team
MendySu
电竞大师马保国
葫芦娃之爷爷
小龙虾
[HAN]Diederick Kastner
Lionheart
sqrt
帝国の突撃隊
0
0
Comments
sign in to comment!
No comments posted yet!